 Seeded DCSS version 0.30.0-19-g36f170ea60 (webtiles) character file.

Game seed: 5 (custom seed)

1823 Kazon the Chopper (level 9, -4/59 HPs)
             Began as an Octopode Monk on May 26, 2023.
             Was an Elder of Okawaru.
             Slain by a centaur (6 damage)
             ... on level 7 of the Dungeon.
             The game lasted 00:19:31 (3975 turns).

Kazon the Chopper (Octopode Monk)                   Turns: 3975, Time: 00:19:32

Health: -4/59      AC:  1    Str: 20    XL:     9   Next: 10%
Magic:  0/21       EV: 16    Int: 16    God:    Okawaru [****..]
Gold:   273        SH:  0    Dex: 24    Spells: 8/8 levels left

rFire   . . .        v - +0 hand axe (vamp)
rCold   . . .        c - orb {light}
rNeg    . . .        (helmet restricted)
rPois   .            D - amulet of guardian spirit
rElec   .            d - ring of Pride {Str+6 Int+4 Dex+3}
rCorr   .            l - ring of magical power
SInv    .            y - +6 ring of dexterity
Will    .....        (no ring)
Stlth   ++           (no ring)
HPRegen 0.29/turn    (no ring)
MPRegen 0.17/turn    (no ring)
                     (no ring)

%: guardian spirit
@: glowing
A: almost no armour, amphibious, 8 rings, camouflage 1, gelatinous body 1,
(nimble swimmer 1), tentacles
a: Renounce Religion, Heroism, Finesse


You were on level 7 of the Dungeon.
You worshipped Okawaru.
Okawaru was greatly pleased with you.
You visited 2 branches of the dungeon, and saw 8 of its levels.

You collected 273 gold pieces.

Inventory:

Hand Weapons
 a - a +0 war axe
 e - a +2 vampiric dagger
 f - a +0 hand axe of flaming
 j - a +0 long sword
 v - a +0 vampiric hand axe (weapon)
Missiles
 m - 4 boomerangs
 s - a poisoned dart (quivered)
 t - 23 stones
Armour
 c - an orb of light (worn)
 i - a +0 tower shield
Jewellery
 d - the ring of Pride (left tentacle) {Str+6 Int+4 Dex+3}
   (You acquired it on level 1 of the Dungeon)

   [ring of strength]

   Str:       It affects your strength (+6).
   Int:       It affects your intelligence (+4).
   Dex:       It affects your dexterity (+3).
 l - a ring of magical power (right tentacle)
 y - a +6 ring of dexterity (on tentacle)
 D - an amulet of guardian spirit (around mantle)
Wands
 B - a wand of paralysis (8)
Scrolls
 n - a scroll of blinking {unknown}
 o - 2 scrolls of teleportation {unknown}
 p - a scroll of summoning {unknown}
 q - 2 scrolls of identify {unknown}
 r - 2 scrolls of magic mapping {unknown}
 x - a scroll of amnesia {unknown}
 A - a scroll of torment {unknown}
 F - a scroll of poison {unknown}
 H - a scroll of enchant armour {unknown}
 I - a scroll of fog {unknown}
Potions
 b - a potion of ambrosia
 g - a potion of magic {unknown}
 h - a potion of resistance {unknown}
 u - 4 potions of flight {unknown}
 w - a potion of berserk rage {unknown}
 C - a potion of lignification {unknown}
 E - a potion of attraction {unknown}
 G - 2 potions of invisibility {unknown}


   Skills:
 + Level 4.7 Fighting
 + Level 7.5 Axes
 + Level 3.7 Throwing
 + Level 4.6 Dodging
 + Level 2.6 Stealth
 * Level 2.7 Shields
 * Level 4.1 Invocations
 * Level 3.2 Evocations


You had 8 spell levels left.
You didn't know any spells.
Your spell library contained the following spells:

 Spells                   Type           Power      Damage    Failure   Level
 Frozen Ramparts          Ice            0%         1d1       58%         3
 Ignite Poison            Fire/Tmut/Pois 0%         N/A       58%         3
 Ice Form                 Ice/Tmut       0%         N/A       94%         4
 Sticky Flame             Conj/Fire      0%         2d3       94%         4
 Eringya's Noxious Bog    Tmut/Pois      0%         N/A       100%        6
 Ignition                 Fire           0%         3d3       100%        8
 Summon Ice Beast         Ice/Summ       Unusable   N/A       N/A         4
 Summon Forest            Summ/Tloc      Unusable   N/A       N/A         5
 Summon Hydra             Summ           Unusable   N/A       N/A         7

Dungeon Overview and Level Annotations

Branches:
Dungeon (7/15)             Temple (1/1) D:4

Altars:
Dithmenos
Fedhas
Gozag
Hepliaklqana
Okawaru
Qazlal
Trog
Uskayaw
Wu Jian
Xom
The Shining One


Innate Abilities, Weirdness & Mutations

You cannot wear most types of armour.
You are amphibious.
You can wear up to eight rings at the same time.
Your skin changes colour to match your surroundings (Stealth+).
Your rubbery body absorbs attacks. (AC +1, EV +1)
((You are camouflaged when in or above water. (Stealth+)))
You have tentacles for arms and can constrict up to eight enemies at once.


Message History

You hit the killer bee but do no damage.
You constrict the killer bee.
You feel sick. The killer bee stings you!
* * * LOW HITPOINT WARNING * * *
The centaur closely misses you. The centaur barely misses you.
The killer bee barely misses you.
You feel much better.
You constrict the killer bee.
You kill the killer bee!
Okawaru accepts your kill.
You feel sick.
The centaur barely misses you. x2; The centaur misses you.
The centaur kicks you.
You hit the centaur.
You feel better.
The centaur is heavily wounded.
You hit the hound.
You feel sick. The hound bites you.
* * * LOW HITPOINT WARNING * * *
The centaur hits you.
* * * LOW HITPOINT WARNING * * *
The centaur barely misses you. The hound bites you.
* * * LOW HITPOINT WARNING * * *
You hit the centaur.
The centaur is heavily wounded.
You hit the hound but do no damage.
You feel sick. The centaur hits you.
* * * LOW HITPOINT WARNING * * *
The centaur barely misses you. The hound bites you.
* * * LOW HITPOINT WARNING * * *
Unknown command.
You feel better. The centaur hits you.
* * * LOW HITPOINT WARNING * * *
The centaur completely misses you. The hound closely misses you.
The centaur barely misses you. The centaur kicks you.
* * * LOW HITPOINT WARNING * * *
The hound closely misses you.
You hit the centaur but do no damage.
The centaur is heavily wounded.
You hit the hound. The centaur misses you. The centaur kicks you.
* * * LOW HITPOINT WARNING * * *
The hound completely misses you.
You hit the hound but do no damage. You grab the hound.
The hound is moderately wounded.
You hit the centaur. You constrict the hound. The centaur hits you.
You die...

#.# #.# #.# #[# #
#.# #. #.#######
...##.######........
......c.............
####.#@####.#######
#h# #.# ..# #.# ..(#
#.# ....# #.# .(<..#
... #.(..## .# #..(.


You could see a centaur and a hound.

Vanquished Creatures
  Sigmund (D:4)
  Duvessa (D:6)
  A water moccasin (D:6)
  2 black bears (D:4)
  A centaur (D:6)
  An ogre (D:5)
  2 scorpions
  4 killer bees (D:7)
  Dowan (D:6)
  A howler monkey (D:6)
  4 hounds
  3 orc priests (D:6)
  A jelly (D:5)
  4 orc wizards (D:6)
  6 iguanas
  4 gnolls (D:5)
  9 adders
  2 ufetubi
  3 worms
  14 orcs
  4 bats
  9 endoplasms
  A giant cockroach (D:1)
  12 goblins
  7 hobgoblins
  11 jackals
  3 kobolds
  3 quokkas (D:4)
  6 ball pythons
  3 frilled lizards
  4 rats
128 creatures vanquished.

Notes
Turn   | Place    | Note
-------+----------+-------------------------------------------
     0 | D:1      | Kazon the Octopode Monk began the quest for the Orb.
     0 | D:1      | Reached XP level 1. HP: 16/16 MP: 1/1
    33 | D:1      | Identified a scroll of acquirement
    33 | D:1      | Acquired the ring of Pride {Str+6 Int+4 Dex+3}
    49 | D:1      | Reached XP level 2. HP: 15/21 MP: 2/2
   345 | D:1      | Reached XP level 3. HP: 26/26 MP: 3/3
  1062 | D:2      | Reached XP level 4. HP: 31/31 MP: 4/4
  1067 | D:2      | Reached skill level 1 in Stealth
  1105 | D:2      | Reached skill level 4 in Axes
  1744 | D:3      | Found a blossoming altar of Fedhas.
  1761 | D:3      | Reached XP level 5. HP: 34/37 MP: 5/5
  1869 | D:3      | Found a stormy altar of Qazlal.
  1920 | D:3      | Found a faded altar of an unknown god.
  1941 | D:3      | Identified the +2 sling "Qeuhanocyt" {speed, rElec Str-3
                  | Dex+2}
  2201 | D:4      | Found a staircase to the Ecumenical Temple.
  2209 | Temple   | Entered the Ecumenical Temple
  2222 | Temple   | Became a worshipper of Warmaster Okawaru
  2222 | Temple   | Reached * piety under Okawaru
  2222 | Temple   | Reached ** piety under Okawaru
  2303 | D:4      | Noticed a black bear
  2307 | D:4      | Killed a black bear
  2308 | D:4      | Reached skill level 1 in Throwing
  2308 | D:4      | Reached skill level 1 in Invocations
  2308 | D:4      | Reached XP level 6. HP: 4/43 MP: 6/6
  2484 | D:4      | Reached skill level 5 in Axes
  2756 | D:4      | Noticed Sigmund
  2774 | D:4      | Killed Sigmund
  2775 | D:4      | Reached XP level 7. HP: 39/48 MP: 8/8
  2903 | D:4      | Found a hazy altar of Hepliaklqana.
  2904 | D:4      | Found a shadowy altar of Dithmenos.
  2904 | D:4      | Noticed a shadow
  2988 | D:5      | Entered Level 5 of the Dungeon
  3099 | D:5      | Reached *** piety under Okawaru
  3100 | D:5      | Reached skill level 6 in Axes
  3219 | D:5      | Reached skill level 1 in Shields
  3219 | D:5      | Reached skill level 1 in Evocations
  3219 | D:5      | Reached XP level 8. HP: 9/54 MP: 3/10
  3505 | D:6      | Reached **** piety under Okawaru
  3538 | D:6      | Noticed Dowan
  3610 | D:6      | Noticed Duvessa
  3620 | D:6      | Killed Duvessa
  3621 | D:6      | Reached skill level 7 in Axes
  3623 | D:6      | Killed Dowan
  3760 | D:6      | Found a shimmering altar of Xom.
  3954 | D:7      | Reached XP level 9. HP: 35/59 MP: 11/11
  3969 | D:7      | HP: 2/59 [killer bee (6)]
  3974 | D:7      | HP: 2/59 [centaur (3)]
  3975 | D:7      | Slain by a centaur

Illustrated notes

Levels and vault maps discovered:
D:1:      ebering_trefoil_3fold, layout_basic, st_stairs_14, serial_bayou_ford_a
D:2:      layout_basic, hangedman_decor_growths, minmay_close_crescents
D:3:      layout_rooms, mainiacjoe_overflow_concentric_impassable,
          mainiacjoe_overflow_paths, shapermc_ecumenical_altar_acropolis,
          chequers_serial_rivers_micro_b
D:4:      layout_basic, riverfiend_overflow_shadow_ancestor,
          minmay_temple_entry_glass, uniq_sigmund
D:5:      layout_gridville
D:6:      layout_basic, xom_teletrap_fun, uniq_duvessa
D:7:      layout_loops_ring, enter_ossuary_3, roderic_batcave
Temple:   nicolae_temple_elliptical

Skill      XL: |  1  2  3  4  5  6  7  8  9 |
---------------+----------------------------+-----
Stealth        | 1 2 |  2.6
Axes           | 4 5 6 7 |  7.5
Throwing       | 1 2 3 |  3.7
Invocations    | 1 2 3 4 |  4.1
Fighting       | 4 |  4.7
Dodging        | 4 |  4.6
Shields        | 1 2 |  2.7
Evocations     | 1 3 |  3.2

Action                     |  1- 3 |  4- 6 |  7- 9 || total
---------------------------+-------+-------+-------++-------
  Melee: Hand axe          |    61 |    77 |   114 ||   252
         Constrict         |    20 |    25 |    41 ||    86
         Tentacles         |    13 |    17 |    33 ||    63
         Punch             |     1 |       |     3 ||     4
  Throw: Stone             |       |     2 |    22 ||    24
         Boomerang         |       |       |    14 ||    14
         Dart              |       |       |    18 ||    18
 Invoke: Heroism           |       |       |     1 ||     1
    Use: Scroll            |     1 |     1 |       ||     2
         Potion            |       |       |     5 ||     5
   Stab: Sleeping          |     1 |       |       ||     1
 Armour: Skin              |     1 |     2 |     4 ||     7
  Dodge: Dodged            |    27 |    43 |   101 ||   171
